[Event "Titled Tuesday Blitz July 13 2021"]
[White "deribas12345"]
[Black "Wagner, Dennis"]
[BlackFideId "24650684"]
[WhiteElo "2508"]
[BlackElo "2355"]
[Result "1-0"]
[Round "04"]
[TimeControl "180+1"]
[Date "2021.07.13"]
[WhiteClock "0:00:08"]
[BlackClock "0:00:01"]

1. d4 Nf6 2. c4 c5 3. d5 b5 4. e4 d6 5. Qc2 g6 6. cxb5 Bg7 7. Nc3 O-O 8. Nf3 a6 9. bxa6 Nxa6 10. Be2 Nb4 11. Qd1 Ba6 12. Bxa6 Rxa6 13. O-O Nd7 14. Qe2 Ra8 15. Bf4 Qb6 16. a3 Na6 17. e5 dxe5 18. Nxe5 Nxe5 19. Bxe5 Bxe5 20. Qxe5 Qd6 21. Rfe1 Rfb8 22. Qxe7 Qxe7 23. Rxe7 Rxb2 24. Rd1 Kf8 25. d6 c4 26. h4 Nc5 27. Rc7 Nd3 28. Rxc4 Nxf2 29. Rf1 Nd3 30. Rc7 Ne5 31. Ne4 Rxa3 32. d7 Ke7 33. Nc5 Raa2 34. Re1 Rxg2+ 35. Kh1 Rh2+ 36. Kg1 Rag2+ 37. Kf1 Rf2+ 38. Kg1 Re2 39. Rxe2 Rxe2 40. Rc8 Nxd7 41. Rc7 Rd2 42. Ne4 Rd4 43. Nc5 h5 44. Kf2 Rd5 45. Ne4 Re5 46. Kf3 Rf5+ 47. Ke3 Rd5 48. Kf4 Kf8 49. Ng5 Rf5+ 50. Kg3 Ne5 51. Ra7 Kg7 52. Rb7 Kf8 53. Rb8+ Ke7 54. Rb7+ Kd6 55. Ne4+ Kd5 56. Ng5 f6 57. Nh7 Rf3+ 58. Kg2 Rf4 59. Rb6 Rxh4 60. Nxf6+ Kc5 61. Re6 Ng4 62. Nd7+ Kd5 63. Rxg6 Rh2+ 64. Kg3 Ra2 65. Rg5+ Ke4 66. Rxh5 Ne3 67. Nc5+ 1-0


[Site "https://www.chess.com"]

[Event "Titled Tuesday Blitz July 13 2021"]
[White "shnitez"]
[Black "Alavkin, Arseny"]
[BlackFideId "4120612"]
[WhiteElo "2456"]
[BlackElo "2401"]
[Result "0-1"]
[Round "04"]
[TimeControl "180+1"]
[Date "2021.07.13"]
[WhiteClock "0:00:19"]
[BlackClock "0:01:01"]

1. c4 Nf6 2. Nc3 e5 3. Nf3 Nc6 4. e3 d5 5. cxd5 Nxd5 6. Bb5 Nxc3 7. bxc3 Bd6 8. d4 e4 9. Nd2 Qg5 10. Bf1 Qg6 11. g3 Bf5 12. Bg2 h5 13. h3 O-O-O 14. Rb1 b6 15. g4 hxg4 16. hxg4 Bxg4 17. Qa4 Bd7 18. Rxh8 Rxh8 19. Bxe4 Qg1+ 20. Nf1 Na5 21. Qc2 g6 22. c4 f5 23. Bd3 c5 24. Ba3 Nb7 25. Rd1 Re8 26. Be2 Bc6 27. dxc5 Bxc5 28. Bxc5 Nxc5 29. Rd6 Ba4 30. Qd2 Ne4 0-1


[Site "https://www.chess.com"]

[Event "Titled Tuesday Blitz July 13 2021"]
[White "Abdusattorov, Nodirbek"]
[Black "Goltsev, Dmitry"]
[WhiteFideId "14204118"]
[BlackFideId "24176710"]
[WhiteElo "2662"]
[BlackElo "2366"]
[Result "0-1"]
[Round "05"]
[TimeControl "180+1"]
[Date "2021.07.13"]
[WhiteClock "0:00:07"]
[BlackClock "0:00:48"]

1. e4 c5 2. Nf3 e6 3. b3 Nc6 4. Bb2 Nf6 5. e5 Nd5 6. Bb5 a6 7. Bxc6 dxc6 8. O-O Be7 9. d3 O-O 10. Nbd2 b5 11. Ne4 h6 12. Qd2 a5 13. c4 Nb4 14. Rfd1 a4 15. a3 Na6 16. bxa4 bxa4 17. Qc2 Rb8 18. Bc3 f5 19. Nd6 Ra8 20. Qxa4 Bxd6 21. Qxc6 Bd7 22. Qxd6 Qc8 23. Rdb1 Rd8 24. Ba5 Re8 25. Bb6 Bc6 26. Nd2 Rb8 27. d4 Rb7 28. d5 Ba4 29. Ba5 Rd7 30. Qb6 exd5 31. e6 Rde7 32. cxd5 Nc7 33. d6 Nd5 34. Qb2 Rxe6 35. Nc4 Qc6 36. Qb7 Re1+ 37. Bxe1 Rxe1+ 38. Rxe1 Qxb7 39. Ne5 Nf4 40. Nf3 Qd5 41. Re5 Qxd6 42. Rxf5 Ne2+ 43. Kh1 Nd4 44. Nxd4 Qxd4 45. h3 Qxa1+ 0-1


[Site "https://www.chess.com"]

[Event "Titled Tuesday Blitz July 13 2021"]
[White "Alavkin, Arseny"]
[Black "Xie, Bryan"]
[WhiteFideId "4120612"]
[BlackFideId "30941296"]
[WhiteElo "2401"]
[BlackElo "1899"]
[Result "1-0"]
[Round "05"]
[TimeControl "180+1"]
[Date "2021.07.13"]
[WhiteClock "0:00:27"]
[BlackClock "0:00:04"]

1. e4 c5 2. Nc3 Nc6 3. Nge2 g6 4. d4 cxd4 5. Nxd4 Bg7 6. Be3 Nf6 7. Nb3 O-O 8. Be2 d6 9. O-O Be6 10. f3 Qc8 11. Qd2 Rd8 12. Nd5 Bxd5 13. exd5 Ne5 14. Rfd1 Nc4 15. Bxc4 Qxc4 16. Qd3 Rac8 17. c3 Nd7 18. Qxc4 Rxc4 19. Nd2 Rc7 20. Ne4 Nc5 21. Bxc5 dxc5 22. Rd2 b6 23. Rad1 Rcd7 24. Kf2 Be5 25. g3 f5 26. Ng5 Bf6 27. Ne6 Rc8 28. h4 Kf7 29. Nf4 Rd6 30. Ne6 c4 31. f4 b5 32. Kf3 a5 33. a3 Rb6 34. g4 b4 35. axb4 axb4 36. Rc2 bxc3 37. bxc3 Rb3 38. Rdc1 fxg4+ 39. Kxg4 h5+ 40. Kg3 Ke8 41. f5 gxf5 42. Kf4 Kd7 43. Kxf5 Kd6 44. Nf4 Bxh4 45. Nxh5 Bf2 46. Ke4 Bb6 47. Ng3 Ba5 48. Nf5+ Kd7 49. Nd4 Rh8 50. Nxb3 cxb3 51. Rb2 Rh4+ 52. Kd3 Rh3+ 53. Kc4 Kd6 54. Rxb3 Rh4+ 55. Kd3 Rh3+ 56. Kc2 Rh2+ 57. Kb1 Bc7 58. c4 Bd8 59. Rd3 Kc5 60. Rc2 Rh1+ 61. Kb2 Bc7 62. Re3 Bd6 63. Kc3 Ra1 64. Kd3 Ra3+ 65. Ke4 Ra4 66. Kf5 Rxc4 67. Rxc4+ Kxc4 68. Ke6 Kc5 69. Rh3 Kd4 70. Rh8 Kc5 71. Rc8+ Kd4 72. Rc6 Bb4 73. Ra6 Bc5 74. Ra4+ Ke3 75. Rc4 Bd6 76. Rh4 Kd3 77. Kd7 Ke3 78. Kc6 Be5 79. Rh6 Kd4 80. Rh4+ Ke3 81. Kc5 Bd6+ 82. Kc4 Kf3 83. Kd4 Kg3 84. Rh6 Bb4 85. Ke4 Bd6 86. Rg6+ Kh4 87. Kf5 Kh3 88. Ke6 Bb4 89. Rg7 Kh4 90. Rxe7 Bxe7 91. Kxe7 Kg5 92. d6 Kf5 93. d7 Ke5 94. d8=Q 1-0


[Site "https://www.chess.com"]

[Event "Titled Tuesday Blitz July 13 2021"]
[White "Amburgy, Ryan"]
[Black "Ibrahimli, Murad"]
[WhiteFideId "30924820"]
[BlackFideId "13410229"]
[WhiteElo "2066"]
[BlackElo "2109"]
[Result "0-1"]
[Round "05"]
[TimeControl "180+1"]
[Date "2021.07.13"]
[WhiteClock "0:00:21"]
[BlackClock "0:00:46"]

1. d4 d5 2. Nc3 c6 3. Bf4 Bf5 4. e3 Nd7 5. f3 e6 6. g4 Bg6 7. Qd2 Ngf6 8. h4 h5 9. g5 Ng8 10. Nge2 a6 11. Bg3 Ne7 12. Nf4 Nf5 13. Bf2 Bd6 14. e4 Bxf4 15. Qxf4 Ne7 16. Bh3 b5 17. O-O Qb8 18. Qxb8+ Rxb8 19. Rfe1 Nb6 20. b3 O-O 21. Rad1 Rfd8 22. Bg2 b4 23. Ne2 a5 24. Nf4 Nbc8 25. Rc1 Nd6 26. c3 bxc3 27. Rxc3 Nb5 28. Rd3 Nd6 29. Rc3 Rb6 30. Rec1 Bh7 31. exd5 Nxd5 32. Nxd5 cxd5 33. Bh3 Bf5 34. Bxf5 Nxf5 35. Rc8 Rxc8 36. Rxc8+ Kh7 37. Rc7 Kg6 38. Kg2 a4 39. Rc3 axb3 40. Rxb3 Rc6 41. a4 Rc2 42. Kg1 Ra2 43. Rb4 f6 44. gxf6 gxf6 45. Rb6 Ng7 46. Ra6 Kf5 47. Be3 e5 48. Ra8 Ne6 49. dxe5 fxe5 50. Rf8+ Nxf8 0-1


[Site "https://www.chess.com"]

[Event "Titled Tuesday Blitz July 13 2021"]
[White "Arabidze, Meri"]
[Black "Maevsky, Nikolay"]
[WhiteFideId "13604040"]
[BlackFideId "4198220"]
[WhiteElo "2432"]
[BlackElo "2213"]
[Result "0-1"]
[Round "05"]
[TimeControl "180+1"]
[Date "2021.07.13"]
[WhiteClock "0:00:03"]
[BlackClock "0:00:14"]

1. d4 d5 2. Nf3 Nf6 3. c4 c6 4. e3 Bf5 5. Nc3 e6 6. Be2 Nbd7 7. O-O Bd6 8. b3 O-O 9. Nh4 Bg6 10. Nxg6 hxg6 11. Bb2 Qe7 12. a3 Rac8 13. Bf3 Rfd8 14. Qc2 e5 15. g3 e4 16. Bg2 Nf8 17. b4 Qd7 18. Qe2 Re8 19. f4 exf3 20. Qxf3 Bb8 21. c5 Ne6 22. h4 Qe7 23. Rae1 Rcd8 24. Bc1 Qc7 25. Ne2 Ne4 26. Nf4 Nxf4 27. exf4 f5 28. Re3 Qf7 29. Rfe1 Bc7 30. Bf1 a6 31. a4 Nf6 32. Bh3 Rxe3 33. Rxe3 Re8 34. Bd2 Re4 35. Bc3 Qe6 36. Kf2 Kf7 37. Ke2 b6 38. Kd2 a5 39. Kd3 axb4 40. Bxb4 Qe8 41. Re2 Qa8 42. cxb6 Bxb6 43. Bc3 Qxa4 44. Bf1 Qd1+ 45. Bd2 Qb1+ 46. Kc3 Bxd4# 0-1


[Site "https://www.chess.com"]

[Event "Titled Tuesday Blitz July 13 2021"]
[White "Aradhya, Garg"]
[Black "Pacheco Lugo, Alejandro Jose"]
[WhiteFideId "25006746"]
[BlackFideId "3903745"]
[WhiteElo "2146"]
[BlackElo "2125"]
[Result "1-0"]
[Round "05"]
[TimeControl "180+1"]
[Date "2021.07.13"]
[WhiteClock "0:01:39"]
[BlackClock "0:01:04"]

1. d4 Nf6 2. c4 e6 3. Nf3 d5 4. e3 c6 5. Nc3 Nbd7 6. Be2 dxc4 7. O-O Be7 8. a4 O-O 9. Bxc4 a6 10. Qe2 c5 11. Rd1 Qc7 12. d5 exd5 13. Bxd5 Nb6 14. Ba2 Bf5 15. a5 Nbd7 16. e4 Bg4 17. h3 Bh5 18. g4 Nxg4 19. hxg4 Bxg4 20. Nd5 Qd8 21. Nb6 Rb8 22. Nxd7 Bxd7 23. Ne5 Bb5 24. Rxd8 Bxe2 25. Bxf7+ Kh8 26. Rxb8 Rxb8 27. Bc4 Bh5 28. Be3 Rf8 29. Bd5 Bd6 30. Nc4 Bb8 31. e5 Rf5 32. Be4 Rf7 1-0


[Site "https://www.chess.com"]

[Event "Titled Tuesday Blitz July 13 2021"]
[White "Baradaran, Arman"]
[Black "Stocek, Jiri"]
[WhiteFideId "880515"]
[BlackFideId "304760"]
[WhiteElo "2132"]
[BlackElo "2409"]
[Result "1-0"]
[Round "05"]
[TimeControl "180+1"]
[Date "2021.07.13"]
[WhiteClock "0:00:23"]
[BlackClock "0:00:09"]

1. d4 Nf6 2. c4 e6 3. g3 c5 4. d5 exd5 5. cxd5 b5 6. Bg2 d6 7. e4 Nbd7 8. Ne2 Be7 9. O-O O-O 10. a4 b4 11. b3 Ba6 12. Re1 Ng4 13. Bb2 Bf6 14. Qc2 Bd3 15. Qxd3 Bxb2 16. Ra2 Bf6 17. Nd2 Rc8 18. Qa6 Bc3 19. Qxd6 c4 20. Nxc3 cxb3 21. Nxb3 bxc3 22. Nd4 Nge5 23. Nc6 Nxc6 24. dxc6 Nb6 25. e5 Nc4 26. Qc5 Na5 27. Qxc3 Qb6 28. Rb2 Qa6 29. Rc1 Rc7 30. Rb5 Nb7 31. Rxb7 1-0


[Site "https://www.chess.com"]

[Event "Titled Tuesday Blitz July 13 2021"]
[White "Barp, Alberto"]
[Black "Darini, Pouria"]
[WhiteFideId "872555"]
[BlackFideId "12502200"]
[WhiteElo "2229"]
[BlackElo "2489"]
[Result "1-0"]
[Round "05"]
[TimeControl "180+1"]
[Date "2021.07.13"]
[WhiteClock "0:01:02"]
[BlackClock "0:00:14"]

1. d4 Nf6 2. c4 g6 3. g3 Bg7 4. Bg2 d5 5. cxd5 Nxd5 6. e4 Nb6 7. Ne2 c5 8. d5 O-O 9. O-O e6 10. Nec3 Na6 11. a4 exd5 12. exd5 Nc4 13. Nd2 Ne5 14. Nde4 Bg4 15. f3 Bf5 16. Bg5 f6 17. Bf4 Rc8 18. Qb3 Qb6 19. Qxb6 axb6 20. Nd6 Rcd8 21. Nxf5 gxf5 22. Rad1 Nb4 23. Bh3 Ned3 24. Bc7 Rc8 25. d6 Nxb2 26. Bxf5 Nxd1 27. Rxd1 Nc6 28. Be6+ Kh8 29. Bxc8 Rxc8 30. d7 Rxc7 31. d8=Q+ Nxd8 32. Rxd8+ Bf8 33. Rxf8+ Kg7 34. Rd8 Re7 35. Kf2 h5 36. Rd6 1-0


[Site "https://www.chess.com"]

[Event "Titled Tuesday Blitz July 13 2021"]
[White "Bazarov, Konstantin"]
[Black "Begunov, Konstantin"]
[WhiteFideId "4137000"]
[BlackFideId "4118510"]
[WhiteElo "2190"]
[BlackElo "2262"]
[Result "0-1"]
[Round "05"]
[TimeControl "180+1"]
[Date "2021.07.13"]
[WhiteClock "0:02:14"]
[BlackClock "0:01:22"]

1. d4 d5 2. c4 c6 3. Nc3 Nf6 4. e3 a6 5. Nf3 Bg4 6. Be2 e6 7. O-O Nbd7 8. b3 Bd6 9. Bb2 Qe7 10. h3 Bh5 11. Ne5 Bxe2 12. Nxe2 O-O 13. f4 Ne4 14. Rc1 Bb4 15. Rc2 Nxe5 16. fxe5 f6 17. Nf4 fxe5 18. dxe5 g5 19. Nh5 Rxf1+ 20. Qxf1 Rf8 21. Nf6+ Nxf6 22. exf6 Qf7 0-1


[Site "https://www.chess.com"]

[Event "Titled Tuesday Blitz July 13 2021"]
[White "Bazeev, German"]
[Black "Pelopidass"]
[WhiteFideId "24119350"]
[WhiteElo "2462"]
[BlackElo "2554"]
[Result "1/2-1/2"]
[Round "05"]
[TimeControl "180+1"]
[Date "2021.07.13"]
[WhiteClock "0:00:12"]
[BlackClock "0:00:09"]

1. d4 Nf6 2. Nf3 g6 3. c4 Bg7 4. Nc3 O-O 5. Bg5 c5 6. e3 cxd4 7. Nxd4 Nc6 8. Be2 Nxd4 9. Qxd4 Qa5 10. h4 a6 11. O-O Nh5 12. Qd5 Qxd5 13. Nxd5 f6 14. Nxe7+ Kf7 15. Nxc8 Raxc8 16. Bf4 Nxf4 17. exf4 f5 18. Rad1 Rc7 19. b3 Re8 20. Bf3 Kf8 21. a4 Bc3 22. Rd3 Bb4 23. Rfd1 d6 24. g3 h5 25. Rxd6 Bxd6 26. Rxd6 Kg7 27. Rb6 Re1+ 28. Kg2 Rb1 29. Bxb7 Rxc4 30. Bxa6 Rc3 31. b4 Rb2 32. a5 Rcc2 33. Kf3 Rxf2+ 34. Ke3 Rg2 35. Kd4 Rxg3 36. Bc4 Rf3 37. a6 Rxf4+ 38. Kc3 Rb1 39. Bd5 Ra1 40. Rb7+ Kf6 41. b5 Ra3+ 42. Kb2 Rg3 43. Bb3 Rb4 44. a7 Rbxb3+ 45. Kc2 Ra3 46. b6 Ke6 47. Rb8 Rgc3+ 48. Kb2 Rcb3+ 49. Kc2 Rc3+ 50. Kb2 Rab3+ 51. Ka2 Ra3+ 52. Kb2 1/2-1/2


[Site "https://www.chess.com"]

[Event "Titled Tuesday Blitz July 13 2021"]
[White "Bernadskiy, Vitaliy"]
[Black "Vovk, Orest"]
[WhiteFideId "14100371"]
[BlackFideId "14113490"]
[WhiteElo "2510"]
[BlackElo "2203"]
[Result "1-0"]
[Round "05"]
[TimeControl "180+1"]
[Date "2021.07.13"]
[WhiteClock "0:01:45"]
[BlackClock "0:00:02"]

1. d4 e5 2. e3 Nc6 3. Nf3 exd4 4. exd4 d5 5. c3 Nf6 6. Bg5 Be7 7. Bd3 Bg4 8. Nbd2 O-O 9. O-O Bh5 10. Re1 Bg6 11. Bxg6 hxg6 12. Qb3 Rb8 13. Ne5 Nh7 14. Nxc6 bxc6 15. Bxe7 Rxb3 16. Bxd8 Rxb2 17. Be7 Rxd2 18. Bxf8 Nxf8 19. Re8 f6 20. Rae1 g5 21. h4 gxh4 22. R1e7 Rxa2 23. Rxc7 Rc2 24. Rcc8 Rxc3 25. Rxf8+ Kh7 26. Rc7 Rc4 27. Rff7 Rxd4 28. Rxg7+ Kh6 29. Rg8 Rc4 30. Rgc8 Rc1+ 31. Kh2 Rc2 32. f3 Kg5 33. Rxc6 Rd2 34. Rg8+ Kf5 35. Rf8 d4 36. Rfxf6+ Ke5 37. Rfe6+ Kd5 38. Red6+ Ke5 39. Rd7 Kf4 40. Rc5 Ke3 41. Rxa7 d3 42. Rd7 Kf2 43. Rcd5 Kf1 44. Rxd3 Rxg2+ 45. Kh3 Rg3+ 46. Kxh4 Rg6 1-0


[Site "https://www.chess.com"]

[Event "Titled Tuesday Blitz July 13 2021"]
[White "Boidiya, Sidi"]
[Black "Tsaruk, Maksim"]
[WhiteFideId "19600100"]
[BlackFideId "13511173"]
[WhiteElo "2113"]
[BlackElo "2184"]
[Result "0-1"]
[Round "05"]
[TimeControl "180+1"]
[Date "2021.07.13"]
[WhiteClock "0:01:39"]
[BlackClock "0:00:39"]

1. e4 e6 2. Nf3 d5 3. exd5 exd5 4. d4 Nc6 5. Be2 Bf5 6. O-O Bd6 7. c3 Nge7 8. Bg5 f6 9. Bh4 Qd7 10. Bd3 O-O-O 11. Qc2 Bxd3 12. Qxd3 Qf5 13. Qxf5+ Nxf5 14. Bg3 Nxg3 15. hxg3 Rde8 16. Nbd2 Kd7 17. Rfe1 a5 18. Kf1 h5 19. Rxe8 Rxe8 20. Re1 Ra8 21. Ke2 a4 22. Kd3 Ne7 23. Rh1 g6 24. Nh4 b6 25. Re1 c5 26. Nhf3 c4+ 27. Kc2 b5 28. a3 Rh8 29. Rh1 Rg8 30. Nf1 Nf5 31. Kd2 Bf8 32. Nh4 Bh6+ 33. f4 Nxg3 34. Nxg3 Bxf4+ 35. Ke2 Bxg3 36. Kf3 Bxh4 37. Rxh4 Ke6 38. g4 Rh8 39. gxh5 Rxh5 40. Rg4 Rh2 41. Rxg6 Rxb2 42. Rg8 Rb3 43. Re8+ Kf5 44. Rd8 Rxc3+ 45. Ke2 Ke4 46. Kd2 Kxd4 47. Rb8 Rxa3 48. Kc2 Rb3 49. Rf8 a3 50. Rxf6 a2 51. Rf4+ Kc5 52. Rf1 Rb1 53. Rxb1 axb1=Q+ 54. Kxb1 b4 55. Kc2 d4 56. Kd2 c3+ 57. Kd3 b3 58. Ke2 Kc4 59. Kd1 d3 60. Kc1 d2+ 61. Kd1 Kd4 62. Ke2 b2 63. Kd1 b1=Q+ 64. Ke2 d1=Q+ 0-1


[Site "https://www.chess.com"]

[Event "Titled Tuesday Blitz July 13 2021"]
[White "Borsuk, Konstantin"]
[Black "Gabdushev, Ruslan"]
[WhiteFideId "14113406"]
[BlackFideId "4137833"]
[WhiteElo "2363"]
[BlackElo "2312"]
[Result "1-0"]
[Round "05"]
[TimeControl "180+1"]
[Date "2021.07.13"]
[WhiteClock "0:01:42"]
[BlackClock "0:00:08"]

1. d4 Nc6 2. c4 e5 3. d5 Nce7 4. h4 Nf6 5. Nc3 Nf5 6. e3 h5 7. Bd3 d6 8. Qc2 Nh6 9. f3 c6 10. e4 Be7 11. Be3 Nfg8 12. g3 g6 13. Nge2 f5 14. O-O-O c5 15. Bxh6 Nxh6 16. f4 Bf6 17. fxe5 Bxe5 18. Nf4 Bxf4+ 19. gxf4 O-O 20. e5 Ng4 21. e6 a6 22. Be2 Qf6 23. Bxg4 fxg4 24. Ne4 Qxf4+ 25. Kb1 b5 26. Rhe1 Ra7 27. Ka1 Rg7 28. Qc3 b4 29. Qe3 Qh2 30. Qg5 a5 31. e7 Re8 32. Nf6+ Kf7 33. Nxe8 Kxe8 34. Qf6 1-0


[Site "https://www.chess.com"]

[Event "Titled Tuesday Blitz July 13 2021"]
[White "Bortnyk, Olexandr"]
[Black "Golubev, Mikhail"]
[WhiteFideId "14120828"]
[BlackFideId "14100983"]
[WhiteElo "2723"]
[BlackElo "2374"]
[Result "1-0"]
[Round "05"]
[TimeControl "180+1"]
[Date "2021.07.13"]
[WhiteClock "0:00:38"]
[BlackClock "0:00:01"]

1. d4 Nf6 2. Nc3 d5 3. Bf4 c5 4. e3 cxd4 5. exd4 a6 6. Nf3 Nc6 7. Ne5 Bf5 8. g4 Nxe5 9. dxe5 Nxg4 10. h3 Nxf2 11. Kxf2 e6 12. Bd3 Qb6+ 13. Kg2 Qxb2 14. Nxd5 O-O-O 15. Bxf5 exf5 16. Rb1 Qxa2 17. Nb6+ Kc7 18. e6+ Bd6 19. Na8+ Kc8 20. Bxd6 Rxd6 21. Qxd6 Qxc2+ 22. Kf3 Qe4+ 23. Kf2 Qc2+ 24. Ke3 Qe4+ 25. Kd2 1-0


[Site "https://www.chess.com"]

[Event "Titled Tuesday Blitz July 13 2021"]
[White "Cabarkapa, Novak"]
[Black "Stoyanov, Tsvetan"]
[WhiteFideId "943746"]
[BlackFideId "2917173"]
[WhiteElo "2469"]
[BlackElo "2198"]
[Result "0-1"]
[Round "05"]
[TimeControl "180+1"]
[Date "2021.07.13"]
[WhiteClock "0:00:17"]
[BlackClock "0:00:46"]

1. d4 Nf6 2. Nc3 d5 3. Bf4 g6 4. e3 Bg7 5. h4 h5 6. Nf3 c6 7. Ne5 Nbd7 8. Bd3 Nxe5 9. Bxe5 Be6 10. Qf3 Qb6 11. Rb1 O-O 12. O-O Ng4 13. Bxg7 Kxg7 14. Qf4 Rac8 15. b4 Qc7 16. Qxc7 Rxc7 17. a4 Bf5 18. f3 Nxe3 19. Rfe1 Nxc2 20. Bxf5 Nxe1 21. Rxe1 gxf5 22. Kf2 Kf6 23. Ne2 Kg6 24. Nf4+ Kh6 25. Re5 e6 26. g4 hxg4 27. fxg4 fxg4 28. Rg5 Rcc8 29. Kg3 Rg8 30. Re5 a5 31. bxa5 Ra8 32. Nh5 Rxa5 33. Nf6 Rg6 34. Nxg4+ Rxg4+ 35. Kxg4 Rxa4 36. Rh5+ Kg6 37. Rg5+ Kf6 38. Kh5 Rxd4 39. Rg1 b5 40. Rf1+ Ke7 41. Kg5 f6+ 42. Kh5 b4 43. Rh1 b3 44. Kg6 Rg4+ 45. Kh6 b2 46. h5 c5 47. Rb1 Rg2 48. Kh7 c4 49. h6 c3 50. Kh8 Rh2 51. h7 Rxh7+ 52. Kxh7 c2 53. Rxb2 c1=Q 54. Rg2 Qb1+ 55. Rg6 Kf7 56. Kh8 Kxg6 57. Kg8 Qb8# 0-1


[Site "https://www.chess.com"]

[Event "Titled Tuesday Blitz July 13 2021"]
[White "Chigaev, Maksim"]
[Black "Zubov, Alexander"]
[WhiteFideId "4108116"]
[BlackFideId "14109409"]
[WhiteElo "2897"]
[BlackElo "3023"]
[Result "1/2-1/2"]
[Round "05"]
[TimeControl "180+1"]
[Date "2021.07.13"]
[WhiteClock "0:00:04"]
[BlackClock "0:00:03"]

1. d4 Nf6 2. c4 g6 3. Nc3 d5 4. cxd5 Nxd5 5. e4 Nxc3 6. bxc3 Bg7 7. Bc4 c5 8. Ne2 Nc6 9. Be3 O-O 10. O-O b6 11. h4 Bb7 12. h5 e6 13. h6 Bf6 14. Qd2 Rc8 15. Rac1 Qc7 16. Rfd1 Rfd8 17. f3 Qe7 18. Bb5 Na5 19. Qe1 Bg5 20. Qf2 Bc6 21. Ba6 Bb7 22. Bxb7 Nxb7 23. e5 Na5 24. dxc5 Bxe3 25. Qxe3 Nc4 26. Qf4 b5 27. Rd4 Rxc5 28. Rcd1 Rcd5 29. Ng3 g5 30. Qe4 Rxd4 31. Rxd4 f5 32. exf6 Qxf6 33. Nh5 Qe7 34. Rxd8+ Qxd8 35. Qxe6+ Kf8 36. Nf6 Qd1+ 37. Kh2 Qd6+ 38. Qxd6+ Nxd6 39. Nxh7+ Kg8 40. Nxg5 Nf5 41. h7+ Kg7 42. g4 Ne3 43. Kg3 Nd5 44. f4 Nxc3 45. f5 Nd5 46. Kf3 b4 47. Ke4 Nf6+ 48. Kf4 a5 49. Ne6+ Kxh7 50. g5 Nd7 51. f6 a4 52. Kf5 b3 53. g6+ Kh6 54. axb3 axb3 55. g7 b2 56. g8=Q b1=Q+ 57. Kf4 Qf1+ 58. Ke3 Qxf6 59. Qg5+ Qxg5+ 60. Nxg5 1/2-1/2


[Site "https://www.chess.com"]

[Event "Titled Tuesday Blitz July 13 2021"]
[White "Cornette, Matthieu"]
[Black "Dowgird, Filip"]
[WhiteFideId "620084"]
[BlackFideId "1121235"]
[WhiteElo "2500"]
[BlackElo "2209"]
[Result "0-1"]
[Round "05"]
[TimeControl "180+1"]
[Date "2021.07.13"]
[WhiteClock "0:00:03"]
[BlackClock "0:00:19"]

1. Nc3 d6 2. e4 Nf6 3. f4 c6 4. Nf3 Qa5 5. g3 g6 6. Bg2 Bg7 7. O-O O-O 8. d3 Qh5 9. e5 dxe5 10. Nxe5 Qxd1 11. Rxd1 Nbd7 12. Nc4 Nb6 13. Na5 Nfd5 14. Ne2 Bg4 15. Kf2 Rab8 16. h3 Bxe2 17. Kxe2 Na4 18. d4 Rfd8 19. Rd2 Rd7 20. c3 e6 21. Nc4 b5 22. Ne5 Rc7 23. Kf2 a5 24. Re2 Nab6 25. Rb1 a4 26. Bd2 Nc4 27. Be1 Nd6 28. b3 axb3 29. axb3 h5 30. Ra2 h4 31. gxh4 Nxf4 32. Ra6 Bxe5 33. dxe5 Nd3+ 34. Ke3 Nxe5 35. Bg3 Nf5+ 36. Kf4 Nd3+ 37. Ke4 Nxg3+ 38. Kxd3 Rd8+ 39. Kc2 c5 40. Rd1 Rxd1 41. Kxd1 Nf5 42. Bf3 Nxh4 43. Bc6 b4 44. c4 Nf5 45. Kc1 Nd4 46. Ba4 f5 47. Ra8+ Kf7 48. Kd2 Kf6 49. Ke3 g5 50. Rh8 Ke5 51. Rh6 f4+ 52. Kd3 Kf5 53. h4 g4 54. Rh5+ Kf6 55. Rg5 g3 56. Ke4 Rg7 57. Kxf4 g2 58. Rxg7 Kxg7 0-1


[Site "https://www.chess.com"]

[Event "Titled Tuesday Blitz July 13 2021"]
[White "Cunjalo, Faris"]
[Black "Martinez Alcantara, Jose Eduardo"]
[WhiteFideId "14410710"]
[BlackFideId "3805662"]
[WhiteElo "2855"]
[BlackElo "3000"]
[Result "0-1"]
[Round "05"]
[TimeControl "180+1"]
[Date "2021.07.13"]
[WhiteClock "0:00:04"]
[BlackClock "0:00:05"]

1. c4 c5 2. Nf3 Nc6 3. Nc3 g6 4. e3 Bg7 5. d4 d6 6. dxc5 Bxc3+ 7. bxc3 dxc5 8. Qc2 Nf6 9. e4 O-O 10. Bh6 Re8 11. h3 Qa5 12. Bd3 Be6 13. Ng5 Bd7 14. f4 Nd4 15. Qb2 Ne6 16. O-O Rad8 17. Rf3 Nxg5 18. Bxg5 Bc6 19. Re1 Rxd3 20. Rxd3 Nxe4 21. Bh6 Qc7 22. Qe2 f5 23. Red1 Kf7 24. Qe1 e5 25. Qh4 Qe7 26. Qxe7+ Rxe7 27. fxe5 Rxe5 28. Bf4 Re8 29. Kh2 g5 30. Bc1 f4 31. Re1 h6 32. Kg1 Re6 33. h4 Nd6 34. Rxe6 Kxe6 35. hxg5 hxg5 36. g3 fxg3 37. Rxg3 Ne4 38. Rh3 Kf5 39. Kf1 Nd6 40. Rg3 g4 41. Be3 b6 42. Ke2 Nxc4 43. Rg1 Bf3+ 44. Kd3 Ne5+ 45. Kd2 Nc4+ 46. Kd3 Ne5+ 47. Kd2 Ke4 48. Bf2 Kd5 49. Bg3 Nc4+ 50. Kd3 Be4+ 51. Ke2 Na3 52. Ke3 Bf3 53. Kd2 Kc4 54. Re1 Nb5 55. Re3 Kd5 56. a4 Na3 57. Re7 Nc4+ 58. Kc2 a6 59. Rd7+ Kc6 60. Rc7+ Kd5 61. Rd7+ Ke6 62. Ra7 Be4+ 63. Kb3 Bd5 64. Rxa6 Kf5 65. Kc2 Ke4 66. Ra7 Kf3 67. Bh4 g3 68. Bxg3 Kxg3 69. Rd7 Kf4 70. Kd3 Ne5+ 0-1


[Site "https://www.chess.com"]

[Event "Titled Tuesday Blitz July 13 2021"]
[White "Daianu, Cristian-Clement"]
[Black "Mortazavi, Ali"]
[WhiteFideId "1208926"]
[BlackFideId "401323"]
[WhiteElo "2133"]
[BlackElo "2339"]
[Result "0-1"]
[Round "05"]
[TimeControl "180+1"]
[Date "2021.07.13"]
[WhiteClock "0:00:15"]
[BlackClock "0:00:09"]

1. e4 c6 2. d4 d5 3. f3 Qb6 4. a4 e5 5. dxe5 a5 6. Bd3 Bc5 7. Ne2 Ne7 8. Nbc3 O-O 9. Bf4 Ng6 10. Bg3 Na6 11. f4 Re8 12. exd5 Nb4 13. d6 f6 14. Bxg6 hxg6 15. Ne4 Bf5 16. N2c3 fxe5 17. fxe5 Bd4 18. Qe2 Bxe5 19. Bxe5 Rxe5 20. O-O-O Bxe4 21. Nxe4 Na2+ 22. Kd2 Qb4+ 23. Kd3 Qxb2 24. Rb1 Nb4+ 25. Ke3 Rxe4+ 26. Kxe4 Re8+ 27. Kf3 Qc3+ 0-1


[Site "https://www.chess.com"]

[Event "Titled Tuesday Blitz July 13 2021"]
[White "Damjanovic, Vladimir"]
[Black "Maiorov, Nikita"]
[WhiteFideId "903795"]
[BlackFideId "13501720"]
[WhiteElo "2374"]
[BlackElo "2440"]
[Result "0-1"]
[Round "05"]
[TimeControl "180+1"]
[Date "2021.07.13"]
[WhiteClock "0:00:02"]
[BlackClock "0:00:20"]

1. e4 e5 2. Nf3 Nc6 3. Bc4 Bc5 4. c3 Nf6 5. d3 O-O 6. Nbd2 d5 7. exd5 Nxd5 8. Ne4 Be7 9. O-O Bg4 10. h3 Bh5 11. Re1 Nb6 12. Bb3 Kh8 13. Ng3 Bg6 14. Nxe5 Nxe5 15. Rxe5 Bf6 16. Re3 Nd5 17. Re1 c6 18. Ne4 Be7 19. d4 f5 20. Nd2 f4 21. Nf3 Bd6 22. Ne5 Bf5 23. Bxd5 cxd5 24. Bxf4 Bxh3 25. Qh5 Bf5 26. Re2 g6 27. Qh6 Qf6 28. Rae1 Be4 29. Bg3 Kg8 30. f3 Bf5 31. Qh4 g5 32. Qh2 Rad8 33. Re3 Kg7 34. a4 a6 35. a5 h5 36. f4 gxf4 37. Bxf4 h4 38. Rf1 Be4 39. Rf2 Kg8 40. g3 Bxe5 41. dxe5 Qg6 42. Kf1 d4 43. cxd4 Rxd4 44. gxh4 Rd1+ 45. Ke2 Qg4+ 46. Rff3 Bxf3+ 47. Rxf3 Rd3 48. Qg3 Qxg3 49. Rxg3+ Rxg3 50. Bxg3 Kf7 51. Ke3 Ke6 52. Bf4 Rf5 53. Ke4 Rh5 54. Bg5 Rh7 55. Bf6 Rh5 56. Kf4 Rh7 57. Kg5 Rc7 58. h5 Rc2 59. h6 Rg2+ 60. Kh5 Kf7 0-1


[Site "https://www.chess.com"]